 Dungeon Crawl Stone Soup version 0.31-a0-217-g58bb5d79cf (webtiles) character file.

Game seed: 18091874876106438874

77 qw the Shooter (level 4, -3/26 HPs)
             Began as a Gargoyle Hexslinger on July 2, 2023.
             Slain by a phantom (6 damage)
             ... on level 4 of the Dungeon.
             The game lasted 00:00:24 (829 turns).

qw the Shooter (Gargoyle Hexslinger)                 Turns: 829, Time: 00:00:24

Health: -3/26      AC:  5    Str: 11    XL:     4   Next: 33%
Magic:  5/5        EV: 12    Int: 14    God:
Gold:   79         SH:  0    Dex: 14    Spells: 4/5 levels left

rFire   . . .        Y - +2 sling
rCold   + . .        (no shield)
rNeg    + . .        c - +0 robe
rPois   inf          (helmet restricted)
rElec   +            (no cloak)
rCorr   .            (no gloves)
SInv    .            (no boots)
Will    .....        (no amulet)
Stlth   +            (no ring)
HPRegen 0.24/turn    (no ring)
MPRegen 0.09/turn

%: no passive effects
@: no status effects
A: sickness immunity, AC +3, negative energy resistance 1, electricity
resistance, torment resistance 1, petrification resistance, beak, cold
resistance 1
a: no special abilities


You were on level 4 of the Dungeon.
You visited 1 branch of the dungeon, and saw 3 of its levels.

You collected 79 gold pieces.


Innate Abilities, Weirdness & Mutations

You are immune to sickness and miasma.
Your stone body is resilient. (AC +3)
You are immune to poison.
You resist negative energy. (rN+)
You are resistant to electric shocks. (rElec)
You are resistant to unholy torment.
You are immune to petrification.
You have a beak for a mouth.
Your flesh is cold resistant. (rC+)


   Skills:
 - Level 2.0 Fighting
 + Level 4.1 Ranged Weapons
 - Level 1.5 Dodging
 - Level 1.0 Spellcasting
 - Level 2.6 Hexes


You had 4 spell levels left.
You knew the following spells:

 Your Spells              Type           Power      Damage    Failure   Level
a - Slow                  Hex            32%        N/A       9%          1

Your spell library contained the following spells:

 Spells                   Type           Power      Damage    Failure   Level
 Inner Flame              Hex/Fire       4%         N/A       41%         3
 Portal Projectile        Hex/Tloc       8%         N/A       41%         3
 Cause Fear               Hex            4%         N/A       65%         4

Inventory:

Hand Weapons
 Y - a +2 sling (weapon)
Armour
 c - a +0 robe (worn)
Potions
 a - a potion of enlightenment {unknown}
 g - a potion of mutation

Dungeon Overview and Level Annotations

Branches:
Dungeon (4/15)
 Temple: D:4-7

Altars:

Shops:
D:4 =


Message History

The orc wizard is heavily wounded.
You shoot a sling bullet. The sling bullet hits the orc wizard.
The orc wizard is severely wounded.
You shoot a sling bullet.
The sling bullet closely misses the orc wizard.
The orc wizard gestures at you while chanting.
The puff of flame misses you.
You shoot a sling bullet. The sling bullet hits the orc wizard.
You kill the orc wizard!
Your Ranged Weapons skill increases to level 4!
You have reached level 4!
You feel clever.
You shoot a sling bullet.
The sling bullet closely misses the orc.
The orc hits you with a +0 dagger.
You shoot a sling bullet. The sling bullet hits the orc.
The orc is almost dead.
The orc hits you but does no damage.
You shoot a sling bullet. The sling bullet barely misses the orc.
The orc hits you with a +0 dagger.
You shoot a sling bullet.
The sling bullet hits the orc but does no damage.
The orc is almost dead.
A phantom comes into view.
The orc hits you with a +0 dagger.
A hound comes into view.
You shoot a sling bullet. The hound barks!
The sling bullet hits the orc.
You kill the orc!
You shoot a sling bullet.
The sling bullet completely misses the phantom.
You shoot a sling bullet.
The sling bullet closely misses the phantom.
You shoot a sling bullet.
The sling bullet closely misses the hound.
The hound bites you. The hound completely misses you.
You shoot a sling bullet.
The sling bullet closely misses the phantom.
The phantom hits you.
You die...

#...# #...# . #...#
.. #.#.#
#..########...#
.......#......#
#.<..W#.##...#
#....h@......#######
#..).....#.........#
#.)...####....#....#
............\....####
.........##.....##
.......# #......#
.#.#.## .........#
#... ...........#
.............#


You could see a phantom and a hound.

Vanquished Creatures
  2 orc wizards (D:4)
  An orc (D:4)
  5 bats
  3 endoplasms (D:1)
  A giant cockroach (D:1)
  A goblin (D:1)
  5 hobgoblins (D:1)
  2 quokkas (D:1)
  A ball python (D:1)
  2 frilled lizards (D:1)
  2 kobolds (D:1)
  4 rats (D:1)
29 creatures vanquished.

Notes
Turn   | Place    | Note
-------+----------+-------------------------------------------
     0 | D:1      | qw the Gargoyle Hexslinger began the quest for the Orb.
     0 | D:1      | Reached XP level 1. HP: 12/12 MP: 2/2
     0 | D:1      | 0 ||| qw: Version: 0.3-a-40-ge99b1a8
     0 | D:1      | 0 ||| qw: Game counter: 12
     0 | D:1      | 0 ||| qw: Melee chars always use a shield: true
     0 | D:1      | 0 ||| qw: God list: Okawaru
     0 | D:1      | 0 ||| qw: Allow faded altars: false
     0 | D:1      | 0 ||| qw: Do Orc after clearing Dungeon:15 true
     0 | D:1      | 0 ||| qw: Do second Lair branch before Depths: true
     0 | D:1      | 0 ||| qw: Lair rune preference: random
     0 | D:1      | 0 ||| qw: Goals: Normal
     0 | D:1      | 0 ||| PLANNING D:1-11
    70 | D:1      | Reached XP level 2. HP: 15/16 MP: 3/3
   383 | D:1      | Reached skill level 3 in Ranged Weapons
   500 | D:1      | Reached XP level 3. HP: 21/21 MP: 4/4
   654 | D:1      | 654 ||| READING scroll labelled RABBUXKYPY.
   655 | D:1      | 655 ||| READING scroll labelled NAYCOH ZAOD.
   656 | D:1      | 656 ||| READING scroll labelled LUUGYO LICSECW.
   671 | D:1      | 671 ||| DRINKING 2 glowing purple potions.
   671 | D:1      | Gained mutation: You have a beak for a mouth. [potion of
                  | mutation]
   671 | D:1      | Gained mutation: Your flesh is cold resistant. (rC+)
                  | [potion of mutation]
   672 | D:1      | 672 ||| DROPPING scroll of poison.
   699 | D:2      | Found a faded altar of an unknown god.
   797 | D:2      | You fall into a shaft and drop 2 floors!
   797 | D:4      | Found Lisug's Jewellery Shoppe.
   799 | D:4      | 799 ||| SHOPLISTING +4 ring of slaying (1092 gold, have
                  | 71).
   799 | D:4      | 799 ||| SHOPLISTING +6 ring of dexterity (504 gold, have
                  | 71).
   799 | D:4      | 799 ||| SHOPLISTING +6 ring of strength (504 gold, have
                  | 71).
   799 | D:4      | 799 ||| SHOPLISTING amulet of reflection (420 gold, have
                  | 71).
   799 | D:4      | 799 ||| SHOPLISTING ring of fire (350 gold, have 71).
   799 | D:4      | 799 ||| SHOPLISTING ring of positive energy (280 gold, have
                  | 71).
   799 | D:4      | 799 ||| SHOPLISTING ring of protection from fire (350 gold,
                  | have 71).
   809 | D:4      | 809 ||| READING scroll labelled CIEHIU DICO.
   821 | D:4      | Reached skill level 4 in Ranged Weapons
   821 | D:4      | Reached XP level 4. HP: 11/26 MP: 5/5
   824 | D:4      | Noticed a phantom
   824 | D:4      | HP: 6/26 [orc/+0 dagger (3)]
   829 | D:4      | Slain by a phantom

Levels and vault maps discovered:
D:1:      lightli_arrival_flooded_house, layout_basic
D:2:      layout_loops_cross, nicolae_ecumenical_oubliette, st_stairs_1,
          serial_bayou_pond_d, minmay_pentomino_s4
D:4:      layout_rooms, serial_shops, shop, chequers_serial_rivers_micro_b,
          nicolae_specific_store, nicolae_shop_overcharged_wands

Skill      XL: |  1  2  3 |
---------------+----------+-----
Ranged Weapons | 3 4 |  4.1
Fighting       | 2 |  2.0
Dodging        | |  1.5
Spellcasting   | |  1.0
Hexes          | |  2.6

Action                     |  1- 3 |  4- 6 || total
---------------------------+-------+-------++-------
   Fire: Sling             |    90 |     9 ||    99
    Use: Scroll            |     4 |       ||     4
         Potion            |     1 |       ||     1
 Armour: Robe              |     6 |     1 ||     7
  Dodge: Dodged            |    22 |     1 ||    23

Table legend:
 A = Non-vault XP
 B = Vault XP
 C = Vault XP percentage of total XP
 D = Non-vault monster count
 E = Vault monster count
 F = Vault count percentage of total count
                 A         B        C        D         E       F
            +---------+---------+-------+---------+---------+-------
      Total |     110 |       0 |   0.0 |      29 |       0 |   0.0
            +---------+---------+-------+---------+---------+-------
        D:1 |      38 |       0 |   0.0 |      25 |       0 |   0.0
        D:2 |       2 |       0 |   0.0 |       1 |       0 |   0.0
        D:4 |      70 |       0 |   0.0 |       3 |       0 |   0.0
            +---------+---------+-------+---------+---------+-------
